[ PARTIDA AOE2 · #480402379 ]
UnrankedGodos vs Incas
Equipo del jugador · VICT
Equipo rival · DERR
[ ANÁLISIS DE REPETICIÓN · EXTRAÍDO DE LA PARTIDA GRABADA ]
Feudal
8:50
Castillos
—
Imperial
—
| APM promedio | 62.8 |
| APM pico | 97 |
| eAPM promedio | 21.2 |
| Aldeanos / militares | 30 / 9 |
Foco
⚔️ 25.1% · 🌾 74.9%
Archer ×6 · Militia ×3
Feudal
10:30
Castillos
—
Imperial
—
| APM promedio | 65.9 |
| APM pico | 119 |
| eAPM promedio | 30.3 |
| Aldeanos / militares | 31 / 4 |
Foco
⚔️ 53.3% · 🌾 46.7%
Archer ×3 · Skirmisher ×1
Mapa de la partida
Recursos iniciales + cada clic de construcción. Líneas = muros · curvas = relieve. ◆ oro · ⬟ piedra · ● bayas · ✦ reliquia · ◌ hueco del cierre
Tu base· Abierta — flanco sin cerrar
Base de Mymy· Abierta — flanco sin cerrar
Terreno inicial suavizado · ◌ = hueco del cierre detectado · pasá el cursor para detalles
Inputs por minuto
— 海王星 - - Mymy
Build order — 海王星
64 acciones detectadas en el replay
| 0:00 | Encolar | Villager (Male) |
| 0:01 | Encolar | Villager (Male) |
| 0:01 | Construir | House |
| 0:02 | Construir | House |
| 0:04 | Encolar | Villager (Male) |
| 0:05 | Encolar | Villager (Male) |
| 1:22 | Encolar | Villager (Male) |
| 1:47 | Construir | Lumber Camp |
| 1:56 | Encolar | Villager (Male) |
| 2:23 | Encolar | Villager (Male) |
| 2:42 | Encolar | Villager (Male) |
| 3:11 | Encolar | Villager (Male) |
| 3:15 | Encolar | Villager (Male) |
| 3:47 | Encolar | Villager (Male) |
| 3:50 | Construir | House |
| 4:01 | Encolar | Villager (Male) |
| 4:46 | Encolar | Villager (Male) |
| 5:07 | Encolar | Villager (Male) |
| 5:29 | Encolar | Villager (Male) |
| 5:34 | Construir | Barracks |
| 5:36 | Investigar | Loom |
| 6:03 | Construir | House |
| 6:40 | Investigar | Feudal Age |
| 6:40 | Investigar | Feudal Age |
| 6:55 | Encolar | Militia |
| 6:56 | Encolar | Militia |
| 7:09 | Construir | Mining Camp |
| 7:49 | Encolar | Militia |
| 8:08 | Encolar | Villager (Male) |
| 8:09 | Encolar | Villager (Male) |
| 8:48 | Construir | House |
| 8:50 | Edad | Edad Feudal |
| 8:52 | Construir | Archery Range |
| 8:56 | Investigar | Double-Bit Axe |
| 9:02 | Investigar | Man-at-Arms (upgrade) |
| 9:02 | Investigar | Man-at-Arms (upgrade) |
| 9:17 | Construir | Mill |
| 9:33 | Encolar | Villager (Male) |
| 9:37 | Construir | House |
| 9:38 | Construir | Palisade Wall |
| 9:45 | Encolar | Archer |
| 10:06 | Encolar | Villager (Male) |
| 10:26 | Encolar | Villager (Male) |
| 10:43 | Encolar | Archer |
| 11:03 | Encolar | Villager (Male) |
| 11:11 | Construir | Blacksmith |
| 11:14 | Construir | House |
| 11:15 | Encolar | Archer |
| 11:17 | Encolar | Villager (Male) |
| 11:20 | Construir | Farm |
| 11:34 | Construir | Farm |
| 11:38 | Encolar | Archer |
| 12:09 | Encolar | Villager (Male) |
| 12:10 | Encolar | Villager (Male) |
| 12:13 | Investigar | Fletching |
| 12:23 | Construir | House |
| 12:28 | Encolar | Villager (Male) |
| 12:42 | Encolar | Villager (Male) |
| 12:47 | Encolar | Archer |
| 13:09 | Encolar | Villager (Male) |
| 13:15 | Encolar | Villager (Male) |
| 13:20 | Encolar | Archer |
| 13:29 | Encolar | Villager (Male) |
| 13:39 | Encolar | Villager (Male) |
Build order — Mymy
76 acciones detectadas en el replay
| 0:00 | Encolar | Villager (Male) |
| 0:00 | Encolar | Villager (Male) |
| 0:02 | Construir | House |
| 0:03 | Construir | House |
| 0:05 | Encolar | Villager (Male) |
| 0:09 | Encolar | Villager (Male) |
| 1:25 | Encolar | Villager (Male) |
| 1:46 | Construir | Settlement |
| 1:56 | Encolar | Villager (Male) |
| 2:19 | Encolar | Villager (Male) |
| 2:49 | Encolar | Villager (Male) |
| 3:10 | Encolar | Villager (Male) |
| 3:43 | Encolar | Villager (Male) |
| 3:43 | Encolar | Villager (Male) |
| 3:44 | Encolar | Villager (Male) |
| 4:09 | Encolar | Villager (Male) |
| 4:39 | Encolar | Villager (Male) |
| 5:12 | Encolar | Villager (Male) |
| 5:23 | Encolar | Villager (Male) |
| 5:55 | Encolar | Villager (Male) |
| 5:58 | Construir | House |
| 6:00 | Construir | Palisade Wall |
| 6:03 | Construir | Palisade Wall |
| 6:21 | Construir | Settlement |
| 6:24 | Encolar | Villager (Male) |
| 6:40 | Encolar | Villager (Male) |
| 6:44 | Construir | Palisade Gate |
| 7:14 | Construir | Palisade Wall |
| 7:15 | Construir | Palisade Wall |
| 7:19 | Construir | Palisade Wall |
| 7:20 | Construir | Palisade Wall |
| 7:20 | Construir | Palisade Wall |
| 7:21 | Construir | Palisade Wall |
| 7:22 | Construir | Palisade Wall |
| 7:24 | Encolar | Villager (Male) |
| 7:24 | Encolar | Villager (Male) |
| 7:28 | Construir | Palisade Wall |
| 7:53 | Construir | House |
| 8:08 | Investigar | Feudal Age |
| 8:08 | Investigar | Feudal Age |
| 8:09 | Investigar | Loom |
| 8:31 | Construir | Palisade Wall |
| 8:34 | Construir | Palisade Wall |
| 8:50 | Construir | Palisade Wall |
| 8:58 | Construir | Palisade Wall |
| 9:07 | Construir | Barracks |
| 9:07 | Construir | Barracks |
| 10:30 | Edad | Edad Feudal |
| 10:34 | Construir | Archery Range |
| 10:37 | Construir | House |
| 10:41 | Investigar | Double-Bit Axe |
| 10:43 | Encolar | Villager (Male) |
| 10:59 | Encolar | Villager (Male) |
| 11:07 | Investigar | Horse Collar |
| 11:26 | Encolar | Skirmisher |
| 11:27 | Construir | Blacksmith |
| 11:32 | Encolar | Villager (Male) |
| 11:37 | Investigar | Horse Collar |
| 11:49 | Encolar | Archer |
| 11:49 | Encolar | Villager (Male) |
| 12:12 | Investigar | Fletching |
| 12:14 | Construir | Farm |
| 12:15 | Construir | Farm |
| 12:22 | Construir | Farm |
| 12:22 | Encolar | Villager (Male) |
| 12:38 | Encolar | Villager (Male) |
| 12:45 | Encolar | Archer |
| 12:50 | Construir | Stone Wall |
| 12:51 | Construir | Stone Wall |
| 13:05 | Encolar | Villager (Male) |
| 13:12 | Encolar | Archer |
| 13:13 | Encolar | Villager (Male) |
| 13:24 | Encolar | Villager (Male) |
| 13:33 | Construir | House |
| 13:34 | Encolar | Villager (Male) |
| 13:37 | Construir | Stone Wall |
Cronología de la partida
| 5:34 | 海王星 · first_building Barracks |
| 6:00 | Mymy · wall_segment Palisade Wall x3 |
| 6:03 | Mymy · wall_segment Palisade Wall x3 |
| 7:14 | Mymy · wall_segment Palisade Wall x1 |
| 7:15 | Mymy · wall_segment Palisade Wall x1 |
| 7:19 | Mymy · wall_segment Palisade Wall x1 |
| 7:20 | Mymy · wall_segment Palisade Wall x1 |
| 7:20 | Mymy · wall_segment Palisade Wall x1 |
| 7:21 | Mymy · wall_segment Palisade Wall x1 |
| 7:22 | Mymy · wall_segment Palisade Wall x1 |
| 7:28 | Mymy · wall_segment Palisade Wall x1 |
| 8:31 | Mymy · wall_segment Palisade Wall x1 |
| 8:34 | Mymy · wall_segment Palisade Wall x5 |
| 8:50 | 海王星 · age_up feudal |
| 8:50 | Mymy · wall_segment Palisade Wall x6 |
| 8:52 | 海王星 · first_building Archery Range |
| 8:58 | Mymy · wall_segment Palisade Wall x4 |
| 9:07 | Mymy · first_building Barracks |
| 9:38 | 海王星 · wall_segment Palisade Wall x1 |
| 10:30 | Mymy · age_up feudal |
| 10:34 | Mymy · first_building Archery Range |
| 12:50 | Mymy · wall_segment Stone Wall x1 |
| 12:51 | Mymy · wall_segment Stone Wall x1 |
| 13:37 | Mymy · wall_segment Stone Wall x1 |
| 13:41 | Mymy · resign |
[ ANÁLISIS IA · 1 CRÉDITO ]
¿Qué pasó realmente en esta partida?
Wolo.gg analiza cada decisión: build order, eco, micro, errores típicos por bracket. Análisis personalizado por WhatsApp o Discord en 30 segundos.
Guía civ
Godos
Perfil
Jugador #25218568